 Dungeon Crawl Stone Soup version 0.29-a0-878-g7b45a56547 (webtiles) character file.

Game seed: 12174920456176465898

16 Ijustatesigmund the Digger (level 2, 0/17 HPs)
             Began as an Octopode Earth Elementalist on July 20, 2022.
             Succumbed to an adder's poison
             ... on level 2 of the Dungeon.
             The game lasted 00:01:07 (1079 turns).

Ijustatesigmund the Digger (OpEE)                   Turns: 1079, Time: 00:01:08

Health: 0/17       AC:  1    Str:  7    XL:     2   Next: 54%
Magic:  4/5        EV: 13    Int: 17    God:
Gold:   46         SH:  0    Dex: 18    Spells: 4/5 levels left

rFire   . . .      SeeInvis .   j - +0 dagger
rCold   . . .      Faith    .   (no shield)
rNeg    . . .      Spirit   .   (helmet restricted)
rPois   .          Reflect  .   (no amulet)
rElec   .          Harm     .   c - +6 ring of dexterity
rCorr   .          Rampage  .   (no ring)
Will    .....                   (no ring)
Stlth   +++.......              (no ring)
HPRegen 0.05/turn               (no ring)
MPRegen 0.09/turn               (no ring)
                                (no ring)
                                (no ring)

@: lethally poisoned (0 -> -6)
A: almost no armour, amphibious, 8 rings, camouflage 1, gelatinous body 1,
(nimble swimmer 1), tentacles
a: no special abilities


You were on level 2 of the Dungeon.
You visited 1 branch of the dungeon, and saw 2 of its levels.

You collected 46 gold pieces.

Inventory:

Hand Weapons
 j - a +0 dagger (weapon)
Jewellery
 c - a +6 ring of dexterity (left tentacle)
Scrolls
 b - a scroll of amnesia {unknown}
 e - 4 scrolls of identify {unknown}
 f - a scroll of teleportation {unknown}
 g - a scroll of enchant armour {unknown}
Potions
 a - a potion of magic
 d - a potion of might {unknown}
 h - a potion of curing {unknown}
 i - 2 potions of cancellation {unknown}


   Skills:
 - Level 2.0 Dodging
 - Level 2.6 Stealth
 + Level 2.3 Spellcasting
 + Level 1.5 Transmutations
 + Level 3.3 Earth Magic


You had 4 spell levels left.
You knew the following spells:

 Your Spells              Type           Power      Damage    Failure   Level
a - Sandblast             Erth           26%        2d8       4%          1

Your spell library contained the following spells:

 Spells                   Type           Power      Damage    Failure   Level
 Passwall                 Tmut/Erth      8%         N/A       11%         2
 Stone Arrow              Conj/Erth      14%        3d7       28%         3
 Petrify                  Tmut/Erth      10%        N/A       56%         4


Dungeon Overview and Level Annotations

Branches:
Dungeon (2/15)

Altars:


Innate Abilities, Weirdness & Mutations

You cannot wear most types of armour.
You are amphibious.
You can wear up to eight rings at the same time.
Your skin changes colour to match your surroundings (Stealth+).
Your rubbery body absorbs attacks. (AC +1, EV +1)
((You are camouflaged when in or above water. (Stealth+)))
You have tentacles for arms and can constrict up to eight enemies at once.


Message History

A bat comes into view.
The bat barely misses you. The bat completely misses you.
The rat twitches its whiskers.
You closely miss the bat.
The adder hisses angrily.
Your grab misses the bat.
The goblin shouts!
The bat barely misses you.
You hit the bat. Your grab misses the bat.
The bat is moderately wounded.
The bat hits you. The rat bites you.
A kobold comes into view. It is wielding a +0 whip.
You closely miss the bat.
The kobold shouts!
Your grab misses the bat. Your squeeze misses the bat.
The bat is moderately wounded.
The bat barely misses you. The bat misses you. The rat completely misses you.
There are monsters nearby!
Unknown command.
Casting: Sandblast (safe; 4% risk of failure)
Confirm with . or Enter, or press ? or * to list all spells.
Aiming: Sandblast (safe; 4% risk of failure)
Press: ? - help, Shift-Dir - straight line, f - rat
Aim: a rat (79% to hit)
The blast of sand hits the rat!
You kill the rat!
The bat barely misses you. The bat closely misses you. The adder misses you.
The bat hits you but does no damage. The bat hits you. The adder bites you.
The adder barely misses you. The adder bites you. The bat hits you.
The bat hits you but does no damage. The bat hits you. The adder bites you.
* * * LOW HITPOINT WARNING * * *
You are lethally poisoned!
The adder poisons you! The bat attacks as you move away!
The bat closely misses you. The adder attacks as you move away!
The adder bites you.
* * * LOW HITPOINT WARNING * * *
x2 You feel sick.
The bat closely misses you.
You die...

. #### ... #######..###
#....
#......!...####......
#..........b.@<.#..
####...........S........
#............b.g...#....
#.#...†.............####
#.##.......†.K......#
#.#.................#
..#####..##.........#
### ...............#
.[..............#


You could see an adder, a goblin, 2 bats and a kobold.

Vanquished Creatures
  A dart slug (D:1)
  An endoplasm (D:1)
  A giant cockroach (D:1)
  2 goblins (D:1)
  A hobgoblin (D:1)
  A ball python (D:2)
  2 bats
  2 frilled lizards (D:1)
  5 rats
16 creatures vanquished.

Notes
Turn   | Place    | Note
-------+----------+-------------------------------------------
     0 | D:1      | Ijustatesigmund the Octopode Earth Elementalist began the
                  | quest for the Orb.
     0 | D:1      | Reached XP level 1. HP: 11/11 MP: 3/3
     0 | D:1      | Noticed a gargoyle
     8 | D:1      | Noticed an elf
    17 | D:1      | Noticed a felid
   436 | D:1      | Reached XP level 2. HP: 17/17 MP: 3/5
  1079 | D:2      | Succumbed to an adder's poison

Illustrated notes

Levels and vault maps discovered:
D:1:      shiori_arrival_whats_in_store_for_you, layout_basic, eino_curves_01
D:2:      layout_rooms, serial_shops, shop, corexii_corridor_pit,
          minmay_misc_feat_ornament

Action                   || total
-------------------------++-------
Melee: Unarmed           ||     3
       Constrict         ||     1
       Dagger            ||     6
       Tentacles         ||     1
 Cast: Sandblast         ||    17
 Stab: Sleeping          ||     2
Armor: Skin              ||     3
Dodge: Dodged            ||    19

Table legend: (Time is in decaauts)
 A = Elapsed time spent in this place.
 B = Non-inter-level travel time spent in this place.
 C = Inter-level travel time spent in this place.
 D = Time resting spent in this place.
 E = Time spent auto-exploring this place.
 F = Levels seen in this place.
 G = Mean time per level.
                   A        B        C        D        E       F      G
               +--------+--------+--------+--------+--------+-----+--------+
         Total |   1095 |   1066 |     29 |    147 |    796 |   2 |  547.5 |
       Dungeon |   1095 |   1066 |     29 |    147 |    796 |   2 |  547.5 |
               +--------+--------+--------+--------+--------+-----+--------+

Top non-repeatable levels by time:
     D:1: 1046 daAuts
     D:2: 49 daAuts
